 Dungeon Crawl Stone Soup version 0.16-a0-1196-ged0958e (webtiles) character file.

2826 Kashira the Cleaver (level 9, -5/47 HPs)
             Began as a Vine Stalker Berserker on Oct 11, 2014.
             Was an Elder of Trog (penitent).
             Slain by a polar bear (12 damage)
             ... summoned by the rage of Trog
             ... on level 8 of the Dungeon.
             The game lasted 00:19:23 (6087 turns).

Kashira the Cleaver (Vine Stalker Berserker)        Turns: 6087, Time: 00:19:24

Health: -5/47      AC:  7    Str: 22    XL:     9   Next: 73%
Magic:  0/18       EV: 15    Int:  9    God:    *Trog
Gold:   583        SH:  0    Dex: 13    Spells: 1 memorised, 2 levels left

rFire  . . .     SeeInvis +     a - +0 hand axe
rCold  . . .     Clarity  .     m - +2 robe {rN+}
rNeg   + + .     SustAb   .     (no shield)
rPois  .         Gourm    .     P - +0 helmet
rElec  .         Spirit   +     K - +0 cloak
rCorr  .         Warding  .     j - +0 pair of gloves
rMut   .         Stasis   .     (no boots)
MR     +....                    t - amulet of regeneration
Stlth  ++........               w - ring of see invisible
                                o - ring of positive energy

@: somewhat resistant to hostile enchantments, unstealthy
A: fangs 3, regeneration 2, magic shield, antimagic bite, no device heal 3, rot
immunity
a: Burn Spellbooks, Renounce Religion


You were on level 8 of the Dungeon.
You worshipped Trog.
Trog was demanding penance.
You were not hungry.

You visited 1 branch of the dungeon, and saw 8 of its levels.
You also visited: Ossuary.

You collected 583 gold pieces.

Inventory:

Hand weapons
 a - a +0 hand axe (weapon)
Armour
 b - a cursed +0 animal skin
 h - a cursed +0 ring mail
 j - a +0 pair of gloves (worn)
 m - a +2 robe of positive energy (worn)
 K - a +0 cloak (worn)
 P - a +0 helmet (worn)
Magical devices
 k - a wand of random effects (27)
 y - a wand of disintegration (6)
 O - a wand of draining (5)
Comestibles
 c - 8 bread rations
 f - 6 beef jerkies
 u - a slice of pizza
Scrolls
 g - a scroll of remove curse
 n - a scroll of enchant armour
 q - 2 scrolls of teleportation {unknown}
 r - 2 scrolls of amnesia
 x - a scroll of blinking {unknown}
 C - a scroll of random uselessness {unknown}
 F - a scroll of brand weapon {unknown}
 G - 2 scrolls of magic mapping
 H - a scroll of holy word
 J - 2 scrolls of enchant weapon {unknown}
Jewellery
 o - a ring of positive energy (left hand)
 t - an amulet of regeneration (around neck)
 w - a ring of see invisible (right hand)
 M - an uncursed ring of wizardry
Potions
 d - 4 potions of heal wounds
 e - a potion of cure mutation {unknown}
 i - 4 potions of curing
 l - a potion of magic {unknown}
 p - 3 potions of restore abilities
 s - a potion of experience {unknown}
 v - a potion of cancellation {unknown}
 z - 3 potions of lignification
 A - 2 potions of agility
 B - a potion of might {unknown}
 E - 2 potions of brilliance {unknown}
 N - a potion of confusion {unknown}
 Q - a potion of berserk rage {unknown}


   Skills:
 + Level 5.6 Fighting
 * Level 8.0 Axes
 + Level 2.0 Armour
 + Level 6.1 Dodging
 - Level 1.0 Stealth
 * Level 4.2 Evocations


You had 2 spell levels left.
You knew the following spells:

 Your Spells              Type           Power        Failure   Level  Hunger
a - Haste                 Chrm           #.......     100%        6    #######


Dungeon Overview and Level Annotations

Branches:
Dungeon (8/15)             Temple (0/1) D:6
   Lair: D:8-11

Altars:
Ashenzari
Dithmenos
Fedhas
Gozag
Makhleb
Nemelex Xobeh
Ru
Sif Muna
Trog


Innate Abilities, Weirdness & Mutations

You have razor-sharp teeth.
You heal very quickly.
When hurt, damage is shared between your health and your magic reserves.
Your bite disrupts and absorbs the magic of your enemies.
Potions and wands cannot restore your health.
You are immune to rotting.


Message History

The hound completely misses you. The black bear misses you.
The black bear claws you but does no damage.
The black bear misses you. The polar bear misses you.
The polar bear claws you but does no damage.
The polar bear barely misses you. The hound bites you.
Read which item? (? for menu, Esc to quit)
As you read the scroll labeled PUAXZO RUWN, it crumbles to dust.
You feel aware of your surroundings.
You sensed 1 altar.
It was a scroll of magic mapping.
The black bear bites you. The black bear claws you.
* * * LOW HITPOINT WARNING * * *
The black bear closely misses you. The black bear misses you.
The black bear claws you but does no damage. x2
The polar bear bites you!
* * * LOW HITPOINT WARNING * * *
The polar bear barely misses you.
The polar bear claws you but does no damage.
The hound bites you but does no damage. The polar bear bites you!
You die...

#...................# #
#...................##
#....................#
#....................#
#...................##
#.............>....#.##
#.................###.#####
##............hhh.##
##....##
#............hh@.##
##......####
##.#...........h.##
##...........
#..#............##
##.........###
..###..........##
#..)........## .##
###.......## #............#
.# ##..##### #............#
## #### #............. #
#........>.... #
##............


You could see 2 polar bears, 3 black bears and a hound.

Vanquished Creatures
  The ghost of Deemzul the Covert, an experienced OpFE of Vehumet (D:8)
  A two-headed ogre (D:8)
  A wyvern (D:8)
  Menkaure (D:6)
  2 water moccasins
  An ogre (D:5)
  A sky beast (D:7)
  A black bear (D:7)
  A phantom (D:6)
  3 centaurs
  3 giant frogs
  Blork the orc (D:8)
  3 scorpions
  2 crimson imps
  2 hounds (D:6)
  A gnoll shaman (D:5)
  A jelly (D:8)
  An iguana (D:4)
  An orc wizard (D:7)
  3 worker ants
  A big kobold zombie (Ossuary)
  Terence (D:3)
  8 mummies (Ossuary)
  5 adders
  4 gnolls
  A giant mite (D:5)
  2 goliath beetle zombies
  3 worms
  2 giant geckos
  8 orcs
  2 ball pythons
  13 bats
  4 giant cockroaches
  13 goblins
  9 hobgoblins
  8 jackals
  11 kobolds
  2 quokkas (D:2)
  7 giant newts
  A hobgoblin skeleton (D:4)
  2 hobgoblin zombies (Ossuary)
  A kobold skeleton (D:5)
  4 kobold zombies
  An orc skeleton (D:7)
  2 orc zombies (Ossuary)
  10 rats
  A rat zombie (D:6)
157 creatures vanquished.

Vanquished Creatures (collateral kills)
  A goliath beetle (D:6)
  Crazy Yiuf (D:6)
2 creatures vanquished.

Grand Total: 159 creatures vanquished

Notes
Turn   | Place    | Note
--------------------------------------------------------------
     0 | D:1      | Kashira, the Vine Stalker Berserker, began the quest for the Orb.
     0 | D:1      | Reached XP level 1. HP: 11/11 MP: 1/1
   191 | D:1      | Reached skill level 3 in Axes
   191 | D:1      | Reached XP level 2. HP: 8/16 MP: 3/3
   374 | D:1      | Reached XP level 3. HP: 19/19 MP: 4/4
   424 | D:1      | Acquired Trog's second power
   991 | D:2      | Found an opulent altar of Gozag.
  1090 | D:2      | Reached XP level 4. HP: 21/23 MP: 5/5
  1160 | D:2      | Found a deep blue altar of Sif Muna.
  1569 | D:3      | Noticed Terence
  1578 | D:3      | Killed Terence
  1665 | D:3      | Reached skill level 4 in Axes
  1665 | D:3      | Reached XP level 5. HP: 24/28 MP: 7/7
  1730 | D:3      | Found a bloodstained altar of Trog.
  2214 | D:4      | Found a shattered altar of Ashenzari.
  2264 | D:4      | Gained mutation: You heal very quickly. [vine stalker growth]
  2264 | D:4      | Reached XP level 6. HP: 28/32 MP: 8/8
  2579 | D:5      | Entered Level 5 of the Dungeon
  2671 | D:5      | Acquired Trog's third power
  2680 | D:5      | Found a sacrificial altar of Ru.
  2809 | D:5      | Reached skill level 1 in Stealth
  2809 | D:5      | Reached XP level 7. HP: 37/37 MP: 9/9
  2990 | D:5      | Reached skill level 5 in Axes
  3061 | D:5      | Reached skill level 1 in Evocations
  3306 | D:6      | Found a burning altar of Makhleb.
  3370 | D:6      | Found a staircase to the Ecumenical Temple.
  3485 | D:6      | Found a sand-covered staircase.
  3497 | Ossuary  | Entered an ossuary
  3614 | Ossuary  | Gained mutation: You have razor-sharp teeth. [vine stalker growth]
  3614 | Ossuary  | Reached XP level 8. HP: 23/42 MP: 9/13
  3772 | D:6      | Noticed Menkaure
  3784 | D:6      | Killed Menkaure
  3847 | D:6      | Reached skill level 6 in Axes
  4040 | D:6      | Found a shadowy altar of Dithmenos.
  4143 | D:6      | Found a sparkling altar of Nemelex Xobeh.
  4323 | D:6      | Noticed Crazy Yiuf
  4341 | D:6      | Killed Crazy Yiuf
  4610 | D:7      | Reached skill level 5 in Dodging
  5015 | D:7      | Reached skill level 7 in Axes
  5018 | D:7      | Got a silk robe
  5029 | D:7      | Identified the cursed -5 robe of Misfortune {-Cast Contam *Tele EV-4 Str-2 Dex-2 Int-2 Stlth-- Curse} (You found it on level 7 of the Dungeon)
  5049 | D:7      | Found a blossoming altar of Fedhas.
  5088 | D:7      | Reached skill level 5 in Fighting
  5088 | D:7      | Reached XP level 9. HP: 33/47 MP: 14/16
  5355 | D:8      | Was placed under penance by Trog
  5362 | D:8      | Learned a level 6 spell: Haste
  5404 | D:8      | Found a deep blue altar of Sif Muna.
  5566 | D:8      | Noticed Blork the orc
  5581 | D:8      | Killed Blork the orc
  5653 | D:8      | Noticed Deemzul's ghost (experienced OpFE)
  5693 | D:8      | Killed Deemzul's ghost
  5963 | D:8      | Reached skill level 8 in Axes
  6087 | D:8      | Slain by a polar bear

Action                   |  1- 3 |  4- 6 |  7- 9 || total
-------------------------+-------+-------+-------++-------
Melee: Hand axe          |    84 |   180 |   365 ||   629
Throw: Throwing net      |       |       |     1 ||     1
Invok: Berserk           |       |     2 |     1 ||     3
       Trog's Hand       |       |       |     2 ||     2
       Brothers in Arms  |       |       |     1 ||     1
       Burn Spellbooks   |       |       |     1 ||     1
  Use: Scroll            |       |       |    11 ||    11
       Potion            |       |       |     2 ||     2
 Stab: Sleeping          |       |     2 |       ||     2
       Invisible         |       |       |     1 ||     1
  Eat: Chunk             |     1 |     5 |       ||     6
       Meat ration       |       |     1 |     3 ||     4
